NCAA
ARKANSAS RAZORBACKS @ BAYLOR BEARS
04/18/2024
 
TOP OF THE 1ST
Arkansas Razorbacks batting - Pitching for Baylor Bears : RHP Larry Jenkins
Pitching: RHP Larry Jenkins
Batting: LHB Nelson Cox 0-0: Ball
1-0: Ball
2-0: Swinging Strike
2-1: Swinging Strike
2-2: Strikes out swinging
Batting: RHB Stan Simpson 0-0: Ball
1-0: Foul Ball, location: 2F
1-1: Foul Ball, location: 2F
1-2: Ball
2-2: Strikes out swinging
Batting: LHB Fred Velázquez 0-0: Ball
1-0: Swinging Strike
1-1: Ball
2-1: Ball
3-1: Base on Balls
Batting: LHB Richard Hinkle 0-0: Called Strike
Fred Velázquez is caught stealing 2nd base
Top of the 1st over - 0 run(s), 0 hit(s), 0 error(s), 0 left on base; Arkansas 0 - Baylor 0
BOTTOM OF THE 1ST
Baylor Bears batting - Pitching for Arkansas Razorbacks : RHP Francisco Álvarez
Pitching: RHP Francisco Álvarez
Batting: RHB John Krueger 0-0: Swinging Strike
0-1: Ball
1-1: Called Strike
1-2: Ball
2-2: Strikes out swinging
Batting: RHB Guy Morrison 0-0: Ground out 6-3 (Groundball, 6)
Batting: LHB David Taylor 0-0: Ball
1-0: Ball
2-0: Ball
3-0: Called Strike
3-1: Called Strike
3-2: Ground out 1-3 (Groundball, 13)
Bottom of the 1st over - 0 run(s), 0 hit(s), 0 error(s), 0 left on base; Arkansas 0 - Baylor 0
TOP OF THE 2ND
Arkansas Razorbacks batting - Pitching for Baylor Bears : RHP Larry Jenkins
Batting: LHB Richard Hinkle 0-0: Foul Ball, location: 2F
0-1: Foul Ball, location: 2F
0-2: Strikes out swinging
Batting: RHB Santiago Rivera 0-0: Ground out 6-3 (Groundball, 6)
Batting: RHB Jon Anderson 0-0: Fly out, F4 (Popup, 4)
Top of the 2nd over - 0 run(s), 0 hit(s), 0 error(s), 0 left on base; Arkansas 0 - Baylor 0
BOTTOM OF THE 2ND
Baylor Bears batting - Pitching for Arkansas Razorbacks : RHP Francisco Álvarez
Batting: LHB John White 0-0: Called Strike
0-1: Ball
1-1: Ball
2-1: SINGLE (Line Drive, 6MD)
Batting: RHB Doyle Hall 0-0: Swinging Strike
0-1: SINGLE (Groundball, 56D)
John White to second
Batting: LHB Jorge Gabaldón 0-0: Called Strike
0-1: Called Strike
0-2: Ball
1-2: Ball
2-2: Ball
3-2: Base on Balls
John White to third
Doyle Hall to second
Batting: RHB José Romo 0-0: Ball
1-0: Called Strike
1-1: Fly out, F3 (Popup, 3SF)
Batting: RHB Hugh Rankin 0-0: Called Strike
0-1: Ball
1-1: GRAND SLAM HOME RUN (Flyball, 7D), Distance : 350 ft
Batting: RHB Lakota O'Reilly 0-0: Swinging Strike
0-1: Ball
1-1: SINGLE (Groundball, 6MD)
Batting: RHB John Krueger 0-0: Ball
1-0: Ball
2-0: Foul Ball, location: 2F
2-1: Ball
3-1: Swinging Strike
3-2: Strikes out looking
Batting: RHB Guy Morrison 0-0: Called Strike
0-1: Ground out 6-3 (Groundball, 6)
Bottom of the 2nd over - 4 run(s), 4 hit(s), 0 error(s), 1 left on base; Arkansas 0 - Baylor 4
TOP OF THE 3RD
Arkansas Razorbacks batting - Pitching for Baylor Bears : RHP Larry Jenkins
Batting: LHB Paul Valentine 0-0: Ball
1-0: Called Strike
1-1: Ball
2-1: Called Strike
2-2: Foul Ball, location: 2F
2-2: Foul Ball, location: 2F
2-2: Ball
3-2: Strikes out looking
Batting: LHB Martín Ortega 0-0: Foul Ball, location: 2F
0-1: Ground out 4-3 (Groundball, 34)
Batting: RHB Earl Willis 0-0: Ball
1-0: Fly out, F8 (Flyball, 8LM)
Top of the 3rd over - 0 run(s), 0 hit(s), 0 error(s), 0 left on base; Arkansas 0 - Baylor 4
BOTTOM OF THE 3RD
Baylor Bears batting - Pitching for Arkansas Razorbacks : RHP Francisco Álvarez
Batting: LHB David Taylor 0-0: Called Strike
0-1: Ball
1-1: Fly out, F8 (Flyball, 8LM)
Batting: LHB John White 0-0: Ball
1-0: DOUBLE (Line Drive, 3L)
Batting: RHB Doyle Hall 0-0: Ball
1-0: Called Strike
1-1: Ball
2-1: Ball
3-1: Base on Balls
Batting: LHB Jorge Gabaldón 0-0: Ball
1-0: Foul Ball, location: 2F
1-1: Swinging Strike
1-2: Ball
2-2: Ball
3-2: Strikes out swinging
Batting: RHB José Romo 0-0: Ball
1-0: Foul Ball, location: 2F
1-1: Ball
2-1: Foul Ball, location: 2F
2-2: Ball
3-2: Strikes out swinging
Bottom of the 3rd over - 0 run(s), 1 hit(s), 0 error(s), 2 left on base; Arkansas 0 - Baylor 4
TOP OF THE 4TH
Arkansas Razorbacks batting - Pitching for Baylor Bears : RHP Larry Jenkins
Batting: LHB Nelson Cox 0-0: Ball
1-0: SINGLE (Line Drive, 4D)
Batting: RHB Stan Simpson 0-0: Called Strike
0-1: Ball
1-1: Ball
2-1: SINGLE (Groundball, 34D)
Nelson Cox to second
Runner from 2nd tries for 3rd, SAFE, no throw or cutoff
Batting: LHB Fred Velázquez 0-0: Grounds into double play, 6-4-3 (Groundball, 6)
Nelson Cox scores
Batting: LHB Richard Hinkle 0-0: Swinging Strike
0-1: Ball
1-1: Foul Ball, location: 2F
1-2: Strikes out swinging
Top of the 4th over - 1 run(s), 2 hit(s), 0 error(s), 0 left on base; Arkansas 1 - Baylor 4
BOTTOM OF THE 4TH
Baylor Bears batting - Pitching for Arkansas Razorbacks : RHP Francisco Álvarez
Batting: RHB Hugh Rankin 0-0: Ball
1-0: Called Strike
1-1: Called Strike
1-2: Ball
2-2: Strikes out looking
Batting: RHB Lakota O'Reilly 0-0: Ball
1-0: Foul Ball, location: 2F
1-1: Swinging Strike
1-2: Strikes out swinging
Batting: RHB John Krueger 0-0: Hit by Pitch
Batting: RHB Guy Morrison 0-0: Ball
1-0: Ball
2-0: Called Strike
2-1: Fly out, F8 (Flyball, 8LXD)
Bottom of the 4th over - 0 run(s), 0 hit(s), 0 error(s), 1 left on base; Arkansas 1 - Baylor 4
TOP OF THE 5TH
Arkansas Razorbacks batting - Pitching for Baylor Bears : RHP Larry Jenkins
Batting: RHB Santiago Rivera 0-0: Reached on error, E6 (Groundball, 6M)
Batting: RHB Jon Anderson 0-0: Called Strike
0-1: Called Strike
0-2: Ball
1-2: Foul Ball, location: 2F
1-2: Strikes out swinging
Batting: LHB Paul Valentine 0-0: Grounds into double play, 4-6-3 (Groundball, 4)
Top of the 5th over - 0 run(s), 0 hit(s), 1 error(s), 0 left on base; Arkansas 1 - Baylor 4
BOTTOM OF THE 5TH
Baylor Bears batting - Pitching for Arkansas Razorbacks : RHP Francisco Álvarez
Batting: LHB David Taylor 0-0: Swinging Strike
0-1: Ball
1-1: Called Strike
1-2: Strikes out swinging
Pitching: RHP Dan Bailey
Batting: LHB John White 0-0: Called Strike
0-1: Ball
1-1: Foul Ball, location: 2F
1-2: Ball
2-2: Ball
3-2: SOLO HOME RUN (Flyball, 78XD), Distance : 368 ft
Batting: RHB Doyle Hall 0-0: Ball
1-0: Ground out 6-3 (Groundball, 6)
Batting: LHB Jorge Gabaldón 0-0: SINGLE (Line Drive, 8RS)
Batting: RHB José Romo 0-0: Ball
1-0: Foul Ball, location: 2F
1-1: Ball
2-1: Ball
3-1: Fielders Choice at 2nd, U6 (Groundball, 6M)
Bottom of the 5th over - 1 run(s), 2 hit(s), 0 error(s), 1 left on base; Arkansas 1 - Baylor 5
TOP OF THE 6TH
Arkansas Razorbacks batting - Pitching for Baylor Bears : RHP Larry Jenkins
Batting: LHB Martín Ortega 0-0: Ball
1-0: Ball
2-0: Called Strike
2-1: Foul Ball, location: 2F
2-2: Strikes out swinging
Batting: RHB Earl Willis 0-0: Ball
1-0: Ball
2-0: Ball
3-0: Base on Balls
Batting: LHB Nelson Cox 0-0: Ball
1-0: Ball
2-0: Called Strike
2-1: Foul Ball, location: 2F
2-2: Ball
3-2: Base on Balls
Earl Willis to second
Pitching: RHP Dave Thompson
Batting: RHB Stan Simpson 0-0: SINGLE (Line Drive, 4MD)
Earl Willis to third
Nelson Cox to second
Runner from 3rd tries for Home, SAFE, throw made at trailing runner, SAFE at third!
Batting: LHB Fred Velázquez 0-0: SINGLE (Groundball, 4M)
Nelson Cox scores
Stan Simpson to second
Batting: LHB Richard Hinkle 0-0: Called Strike
0-1: Ball
1-1: Grounds out, U3 (Groundball, 3L)
Stan Simpson to third
Batting: RHB Santiago Rivera 0-0: Ball
1-0: Swinging Strike
1-1: Swinging Strike
1-2: Strikes out looking
Top of the 6th over - 2 run(s), 2 hit(s), 0 error(s), 2 left on base; Arkansas 3 - Baylor 5
BOTTOM OF THE 6TH
Baylor Bears batting - Pitching for Arkansas Razorbacks : RHP Dan Bailey
Batting: RHB Hugh Rankin 0-0: Ball
1-0: Ground out 5-3 (Groundball, 15S)
Batting: RHB Lakota O'Reilly 0-0: Ball
1-0: Ball
2-0: Ball
3-0: Called Strike
3-1: Base on Balls
Batting: RHB John Krueger 0-0: Ball
Passed Ball!
Lakota O'Reilly to second
1-0: Ball
2-0: Foul Ball, location: 2F
2-1: Foul Ball, location: 2F
2-2: Strikes out looking
Pitching: LHP Walt George
Batting: RHB Guy Morrison 0-0: Ball
1-0: Ball
2-0: Called Strike
2-1: Ball
3-1: Base on Balls
Batting: LHB David Taylor 0-0: Ball
1-0: Swinging Strike
1-1: Ball
2-1: Ball
3-1: Swinging Strike
3-2: Base on Balls
Lakota O'Reilly to third
Guy Morrison to second
Batting: LHB John White 0-0: Ball
1-0: Ball
2-0: Ball
3-0: Called Strike
3-1: Ground out 4-3 (Groundball, 13)
Bottom of the 6th over - 0 run(s), 0 hit(s), 0 error(s), 3 left on base; Arkansas 3 - Baylor 5
TOP OF THE 7TH
Arkansas Razorbacks batting - Pitching for Baylor Bears : RHP Dave Thompson
Batting: RHB Jon Anderson 0-0: Foul Ball, location: 2F
0-1: Ball
1-1: Swinging Strike
1-2: Strikes out swinging
Batting: LHB Paul Valentine 0-0: Called Strike
0-1: Swinging Strike
0-2: Strikes out swinging
Batting: LHB Martín Ortega 0-0: Called Strike
0-1: Ball
1-1: SINGLE (Line Drive, 34D)
Batting: RHB Earl Willis 0-0: Ball
1-0: DOUBLE (Line Drive, 8RM)
Martín Ortega to third
Batting: LHB Nelson Cox 0-0: Ball
1-0: Ball
2-0: Ball
3-0: Swinging Strike
3-1: Swinging Strike
3-2: Foul Ball, location: 2F
3-2: Strikes out looking
Top of the 7th over - 0 run(s), 2 hit(s), 0 error(s), 2 left on base; Arkansas 3 - Baylor 5
BOTTOM OF THE 7TH
Baylor Bears batting - Pitching for Arkansas Razorbacks : LHP Walt George
Batting: RHB Doyle Hall 0-0: Ball
1-0: Ball
2-0: Swinging Strike
2-1: Foul Ball, location: 2F
2-2: Strikes out swinging
Batting: LHB Jorge Gabaldón 0-0: Foul Ball, location: 2F
0-1: Ball
1-1: Swinging Strike
1-2: SINGLE (Line Drive, 89S)
Batting: RHB José Romo 0-0: Ball
1-0: Foul Ball, location: 2F
1-1: Called Strike
1-2: Hit by Pitch
Jorge Gabaldón to second
Pinch Hitting: RHB Patrick Love 0-0: Swinging Strike
0-1: Ball
1-1: Swinging Strike
1-2: Ball
2-2: Foul Ball, location: 2F
2-2: Strikes out looking
Pinch Hitting: LHB Brian Richardson 0-0: Ground out 4-3 (Groundball, 4)
Bottom of the 7th over - 0 run(s), 1 hit(s), 0 error(s), 2 left on base; Arkansas 3 - Baylor 5
TOP OF THE 8TH
Arkansas Razorbacks batting - Pitching for Baylor Bears : RHP Dave Thompson
Now at 2B: Patrick Love
Now in CF: Bill Ward
Batting: RHB Stan Simpson 0-0: Ball
1-0: SINGLE (Groundball, 6MD)
Pitching: LHP Eric Williams
Batting: LHB Fred Velázquez 0-0: Ball
1-0: Ball
2-0: Ball
3-0: Called Strike
3-1: Base on Balls
Stan Simpson to second
Pinch Hitting: RHB Owen Landry 0-0: Called Strike
0-1: Swinging Strike
0-2: Strikes out looking
Pitching: RHP Luke Rogers
Batting: RHB Santiago Rivera 0-0: Foul Ball, location: 2F
0-1: Ball
1-1: Ball
2-1: Ball
3-1: Foul Ball, location: 2F
3-2: Foul Ball, location: 2F
3-2: Foul Ball, location: 2F
3-2: Base on Balls
Stan Simpson to third
Fred Velázquez to second
Pinch Hitting: LHB Carter Sweet 0-0: SINGLE (Groundball, 6M)
Stan Simpson scores
Fred Velázquez to third
Santiago Rivera to second
Pitching: LHP Ashton Moore
Batting: LHB Paul Valentine 0-0: Ball
1-0: Foul Ball, location: 2F
1-1: Fielders Choice at 2nd, 3-6 (Groundball, 3)
Fred Velázquez scores
Santiago Rivera to third
Pinch Hitting: RHB Andrew Weatherly 0-0: Ball
1-0: Called Strike
1-1: Ball
2-1: Ground out 4-3 (Groundball, 4)
Top of the 8th over - 2 run(s), 2 hit(s), 0 error(s), 2 left on base; Arkansas 5 - Baylor 5
BOTTOM OF THE 8TH
Baylor Bears batting - Pitching for Arkansas Razorbacks : LHP Walt George
Now at 1B: Carter Sweet
Now at 3B: Henry Fox
Now in LF: Andrew Weatherly
Batting: RHB John Krueger 0-0: Ball
1-0: Called Strike
1-1: Ball
2-1: Ball
3-1: Foul Ball, location: 2F
3-2: Foul Ball, location: 2F
3-2: Foul Ball, location: 2F
3-2: Base on Balls
Pitching: RHP Logan Webster
Batting: RHB Guy Morrison 0-0: Bunted foul
0-1: Sac Bunt - play at first, batter OUT! 5-4
John Krueger to second
Batting: LHB David Taylor 0-0: Intentional Walk
Batting: LHB John White 0-0: Ball
1-0: Foul Ball, location: 2F
1-1: Swinging Strike
1-2: Ball
2-2: Foul Ball, location: 2F
2-2: Ball
3-2: Grounds into double play, 4-6-3 (Groundball, 4)
Bottom of the 8th over - 0 run(s), 0 hit(s), 0 error(s), 1 left on base; Arkansas 5 - Baylor 5
TOP OF THE 9TH
Arkansas Razorbacks batting - Pitching for Baylor Bears : LHP Ashton Moore
Pitching: RHP Steve Parsons
Batting: RHB Earl Willis 0-0: Ball
1-0: SINGLE (Flyball, 78M)
Batting: LHB Nelson Cox 0-0: Bunt missed!
0-1: Bunted foul
0-2: Foul Ball, location: 2F
0-2: Strikes out swinging
Batting: RHB Stan Simpson 0-0: Ball
Earl Willis is caught stealing 2nd base
1-0: Foul Ball, location: 2F
1-1: Ball
2-1: Called Strike
2-2: SINGLE (Groundball, 6MD) (infield hit)
Batting: LHB Fred Velázquez 0-0: Swinging Strike
0-1: Called Strike
0-2: Strikes out swinging
Top of the 9th over - 0 run(s), 2 hit(s), 0 error(s), 1 left on base; Arkansas 5 - Baylor 5
BOTTOM OF THE 9TH
Baylor Bears batting - Pitching for Arkansas Razorbacks : RHP Logan Webster
Pitching: RHP Ed Rucker
Batting: RHB Doyle Hall 0-0: Foul Ball, location: 2F
0-1: Ball
1-1: Foul Ball, location: 2F
1-2: Foul Ball, location: 2F
1-2: Foul Ball, location: 2F
1-2: Ball
2-2: Strikes out swinging
Batting: LHB Jorge Gabaldón 0-0: Ball
1-0: Called Strike
1-1: Ball
2-1: Foul Ball, location: 2F
2-2: Ball
3-2: Base on Balls
Pinch Runner at 1st Jesús Medrano:
Batting: RHB José Romo 0-0: Ball
Jesús Medrano is caught stealing 2nd base
1-0: Foul Ball, location: 2F
1-1: Ball
2-1: Swinging Strike
2-2: Ball
3-2: Ground out 3-1 (Groundball, 34)
Bottom of the 9th over - 0 run(s), 0 hit(s), 0 error(s), 0 left on base; Arkansas 5 - Baylor 5
TOP OF THE 10TH
Arkansas Razorbacks batting - Pitching for Baylor Bears : RHP Steve Parsons
Now in RF: Neil Weeks
Batting: RHB Henry Fox 0-0: Ball
1-0: Swinging Strike
1-1: Reached on error, E5 (Groundball, 56S)
Batting: RHB Santiago Rivera 0-0: Ball
1-0: Called Strike
1-1: Ball
2-1: Ball
3-1: Base on Balls
Henry Fox to second
Batting: LHB Carter Sweet 0-0: Bunt missed!
0-1: Bunted foul
0-2: Ball
1-2: Ball
2-2: Reached on error, E4 (Groundball, 34)
Henry Fox to third
Santiago Rivera to second
Batting: LHB Paul Valentine 0-0: Hit by Pitch
Henry Fox scores
Santiago Rivera to third
Carter Sweet to second
Batting: RHB Andrew Weatherly 0-0: Ball
1-0: Swinging Strike
1-1: Called Strike
1-2: Foul Ball, location: 2F
1-2: Ball
2-2: Ball
3-2: Foul Ball, location: 2F
3-2: Base on Balls
Santiago Rivera scores
Carter Sweet to third
Paul Valentine to second
Batting: RHB Earl Willis 0-0: SINGLE (Groundball, 6MD)
Carter Sweet scores
Paul Valentine to third
Andrew Weatherly to second
Runner from 3rd tries for Home, throw and OUT!
Pitching: RHP Ramón Castaneda
Batting: LHB Nelson Cox 0-0: Ball
1-0: Called Strike
1-1: Called Strike
1-2: Ball
2-2: Strikes out swinging
Batting: RHB Stan Simpson 0-0: Ball
1-0: Foul Ball, location: 2F
1-1: Foul Ball, location: 2F
1-2: Strikes out swinging
Top of the 10th over - 3 run(s), 1 hit(s), 2 error(s), 2 left on base; Arkansas 8 - Baylor 5
BOTTOM OF THE 10TH
Baylor Bears batting - Pitching for Arkansas Razorbacks : RHP Ed Rucker
Batting: RHB Patrick Love 0-0: Called Strike
0-1: SINGLE (Groundball, 56D)
Batting: RHB Bill Ward 0-0: Foul Ball, location: 2F
0-1: Foul Ball, location: 2F
0-2: Strikes out swinging
Batting: RHB John Krueger 0-0: Foul Ball, location: 2F
0-1: Called Strike
0-2: Ball
1-2: Foul Ball, location: 2F
1-2: Fly out, F9 (Flyball, 9M)
Batting: RHB Guy Morrison 0-0: Called Strike
0-1: Ball
1-1: Called Strike
1-2: Fielders Choice at 2nd, U6 (Groundball, 6M)
Bottom of the 10th over - 0 run(s), 1 hit(s), 0 error(s), 1 left on base; Arkansas 8 - Baylor 5
This league is powered by Out of the Park Baseball, the baseball management simulation game for PC, Mac and Linux
Saturday, April 9th, 2016 - OOTP Baseball 16.8 Build 38